Map: Templo Congelado

Players

TheZergLord

  • Race: Zerg Zerg
  • League: Master

DakkoN - Winner!

  • Race: Zerg Zerg
  • League: Master

VOD

Have the link to the VOD?

Description

Time

  • Played on: April 26, 2016, 2:09 p.m.
  • Length: 11:10
Show
View Real Time Build Order
Export as new Build Order

TheZergLord Zerg 

Build Orders: Pool First, Zergling Baneling 

Get SALT Encoding   

  12  0:01  Drone  
  13  0:09  Drone  
  14  0:25  Extractor  
  14  0:26  Drone  
  14  0:31  Spawning Pool  
  13  0:36  Drone  
  14  0:43  Extractor, Drone  
  15  0:52  Overlord  
  15  1:12  Drone x2  
  15  1:18  Queen  
  17  1:19  Zergling x2  
  20  1:25  Zergling x2  
  20  1:28  Metabolic Boost  
  21  1:36  Zergling x2  
  22  1:53  Baneling Nest, Overlord  
  21  1:56  Zergling x2  
  22  2:13  Zergling x2  
  23  2:16  Zergling x2  
  23  2:19  Queen  
  26  2:27  Zergling x4  
  26  2:28  Zergling x2  
  29  2:36  Baneling  
  29  2:37  Baneling x3  
  29  2:44  Baneling  
  16  2:58  Zergling x4  
  16  2:59  Zergling x8  
  19  3:30  Drone x2  
  19  3:31  Drone x2  
  22  3:34  Baneling  
  22  3:35  Baneling  
  22  3:40  Baneling x2  
  17  4:05  Zergling x4  
  17  4:06  Zergling x4  
  20  4:12  Drone x2  
  22  4:24  Baneling  
  22  4:25  Baneling x4  
  22  4:26  Baneling  
  22  4:35  Zergling x2  
  23  4:43  Drone x2  
  23  4:45  Drone  
  26  4:53  Zergling x2  
  26  4:54  Zergling x2  
  27  5:22  Drone x2  
  28  5:32  Hatchery  
  27  5:35  Queen  
  29  5:50  Zergling x2  
  29  5:56  Overlord x2  
  29  6:08  Drone  
  30  6:17  Drone x3  
  33  6:24  Overlord  
  33  6:44  Hatchery  
  32  6:49  Zergling x8  
  35  6:54  Baneling  
  35  6:55  Baneling  
  34  7:08  Drone x5  
  38  7:20  Drone x4  
  38  7:21  Drone  
  43  7:33  Drone x2  
  43  7:44  Baneling x2  
  39  8:06  Queen  
  39  8:09  Extractor, Drone x2  
  39  8:10  Drone x3  
  44  8:13  Zergling x6  
  44  8:18  Roach Warren  
  44  8:19  Zergling x4  
  48  8:32  Zergling x6  
  48  8:33  Zergling x2  
  30  8:52  Drone x9  
  38  9:03  Queen  
  38  9:06  Queen  
  38  9:08  Drone x3  
  47  9:17  Roach x3  
  47  9:22  Roach x2  
  53  9:27  Roach  
  53  9:30  Baneling x4  
  53  9:31  Baneling x5  
  55  9:36  Roach x2  
  55  9:37  Roach  
  28  9:52  Drone  
  28  9:53  Drone x3  
  23  10:07  Roach  
  23  10:25  Roach x2  
  27  10:30  Ravager x3  
  30  10:37  Ravager  
  28  10:46  Roach  
Show
View Real Time Build Order
Export as new Build Order

DakkoN Zerg - Winner!

Build Orders: Pool First, Zergling Baneling 

Get SALT Encoding   

  12  0:01  Drone  
  13  0:08  Drone  
  14  0:16  Extractor  
  14  0:17  Drone  
  14  0:33  Spawning Pool  
  13  0:36  Drone  
  14  0:47  Extractor  
  14  0:48  Drone  
  15  0:53  Overlord  
  15  1:19  Metabolic Boost  
  15  1:20  Zergling x6  
  18  1:31  Zergling x2  
  19  1:36  Baneling Nest  
  18  1:42  Zergling x2  
  18  1:45  Queen  
  21  1:52  Zergling x2  
  22  2:04  Overlord  
  22  2:24  Baneling x2  
  22  2:25  Baneling x2  
  22  2:30  Zergling x4  
  22  2:35  Spine Crawler, Zergling x2  
  23  2:57  Drone x2  
  20  3:00  Baneling  
  20  3:10  Zergling x2  
  20  3:11  Zergling x4  
  20  3:36  Queen, Zergling x2  
  20  3:37  Zergling x2  
  24  3:41  Baneling x2  
  24  3:42  Evolution Chamber  
  10  4:07  Drone  
  10  4:08  Drone x4  
  14  4:16  Drone  
  15  4:27  Drone  
  16  4:34  Drone  
  17  4:40  Baneling x2  
  17  4:48  Drone  
  17  4:49  Drone  
  18  4:56  Drone  
  19  5:05  Drone  
  19  5:06  Drone  
  20  5:25  Drone x4  
  24  5:44  Hatchery  
  23  5:51  Zergling x4  
  25  6:06  Zergling x4  
  25  6:07  Zergling x4  
  29  6:15  Baneling x3  
  29  6:39  Overlord x2, Drone  
  30  6:50  Overlord  
  26  7:07  Drone  
  26  7:08  Drone x5  
  31  7:17  Evolution Chamber  
  31  7:18  Evolution Chamber  
  29  7:26  Baneling x2  
  29  7:27  Hatchery  
  27  7:41  Zergling x14  
  27  7:42  Zergling x6  
  37  7:55  Zerg Ground Armor Level 1  
  35  8:12  Zerg Melee Weapons Level 1  
  29  8:53  Zergling x2  
  29  8:54  Zergling x28  
  41  9:09  Zergling x2  
  42  9:10  Zergling x2  
  43  9:20  Drone x2  
  45  9:33  Hatchery  
  40  9:54  Baneling x2  
  40  9:55  Baneling x3  
  34  10:04  Zergling x2  
  34  10:05  Zergling x10  
  33  10:34  Zergling x12  
  33  10:35  Zergling x6  
Tags
 
Add a new tag
Caveats
  • Supply blocks, unpowered buildings, or Contaminate may cause inaccurate times.
  • Supply counts are checked every 10 seconds.